 Dungeon Crawl Stone Soup version 0.30-a0-459-g9104f0fc43 (webtiles) character file.

Game seed: 16896321606805227482

2271 kurumiz the Spear-Bearer (level 9, -10/93 HPs)
             Began as an Ogre Gladiator on Dec 16, 2022.
             Mangled by a wight
             ... wielding a +3 halberd
              (15 damage)
             ... on level 10 of the Dungeon.
             The game lasted 00:41:32 (9211 turns).

kurumiz the Spear-Bearer (Ogre Gladiator)           Turns: 9211, Time: 00:41:33

Health: -10/93     AC:  3    Str: 24    XL:     9   Next: 38%
Magic:  9/9        EV: 11    Int:  9    God:
Gold:   434        SH:  0    Dex: 10    Spells: 8/8 levels left

rFire   . . .      SeeInvis .    a - +0 trident
rCold   . . .      Faith    .    (no shield)
rNeg    + . .      Spirit   .    m - +0 robe {rN+}
rPois   +          Reflect  .    c - +0 hat
rElec   .          Harm     .    (no cloak)
rCorr   .          Rampage  .    (gloves unavailable)
Will    .....                    (boots unavailable)
Stlth   ++........               y - amulet of magic regeneration
HPRegen 0.35/turn                p - +4 ring of slaying
MPRegen 0.51/turn                G - ring of poison resistance

@: no status effects
A: large, unfitting armour, tough skin 1, claws 1, horns 1
a: no special abilities


You were on level 10 of the Dungeon.
You visited 2 branches of the dungeon, and saw 11 of its levels.

You collected 434 gold pieces.

Inventory:

Hand Weapons
 a - a +0 trident (weapon)
 n - a +1 short sword of freezing
 s - a +3 dagger
 t - a +2 dagger of protection
 B - a +0 antimagic dagger
 E - a +2 vampiric whip
 H - a +0 dagger of electrocution
 M - a +2 whip of draining
Missiles
 d - 4 throwing nets (quivered)
 e - a large rock
 i - 92 stones
 u - 12 poisoned darts
 F - a curare-tipped dart
Armour
 b - a +0 robe
 c - a +0 hat (worn)
 j - a +0 pair of boots
 m - a +0 robe of positive energy (worn)
 q - a +0 plate armour
 I - a +3 leather armour
 J - a +0 robe
Jewellery
 p - a +4 ring of slaying (left claw)
 y - an amulet of magic regeneration (around neck)
 G - a ring of poison resistance (right claw)
Wands
 L - a wand of flame (3)
Scrolls
 h - 2 scrolls of fog {unknown}
 k - 5 scrolls of identify
 v - 2 scrolls of enchant weapon {unknown}
 w - 2 scrolls of immolation
 z - a scroll of brand weapon {unknown}
 A - 2 scrolls of amnesia {unknown}
 C - 2 scrolls of magic mapping
 K - 2 scrolls of fear {unknown}
 N - a scroll of noise {unknown}
Potions
 f - a potion of invisibility {unknown}
 g - a potion of might {unknown}
 o - 2 potions of haste
 r - a potion of lignification
 x - a potion of attraction


   Skills:
 + Level 7.6 Fighting
 + Level 9.2 Polearms
 + Level 2.3 Throwing
 + Level 5.3 Dodging
 + Level 3.2 Stealth


You had 8 spell levels left.
You didn't know any spells.
Your spell library contained the following spells:

 Spells                   Type           Power      Damage    Failure   Level
 Freeze                   Ice            0%         1d3       38%         1
 Ensorcelled Hibernation  Hex/Ice        0%         N/A       52%         2
 Passwall                 Tmut/Erth      0%         N/A       52%         2
 Frozen Ramparts          Ice            0%         1d1       77%         3
 Hailstorm                Conj/Ice       0%         3d3       77%         3
 Swiftness                Air            0%         N/A       77%         3


Dungeon Overview and Level Annotations

Branches:
Dungeon (10/15)            Temple (1/1) D:4
   Lair: D:8-11         Orc: D:9-12

Altars:
Ashenzari
Cheibriados
Dithmenos
Fedhas
Gozag
Hepliaklqana
Kikubaaqudgha
Makhleb
Nemelex Xobeh
Okawaru
Qazlal
Ru
Trog
Uskayaw
Xom
Yredelemnul

Annotations:
D:5 1 runed translucent door, Crazy Yiuf, Sigmund


Innate Abilities, Weirdness & Mutations

You are too large for most types of armour.
You have tough skin. (AC +1)
You have sharp fingernails.
You have a pair of small horns on your head.


Message History

The orc wizard points at you and mumbles some strange words.
You easily resist.
Your surroundings suddenly seem different.
A wight comes into view. It is wielding a +0 morningstar.
You don't know any spells.
Aiming: Throw Flame
Press: ? - help, Shift-Dir - straight line, f - wight
Aim: a wight, wielding a +0 morningstar and wearing a +0 robe (68% to hit)
The puff of flame hits the wight.
The wight is lightly damaged.
Aiming: Throw Flame
Press: ? - help, Shift-Dir - straight line, f/p - wight
Aim: a wight, wielding a +0 morningstar and wearing a +0 robe (lightly damaged, 68% to hit)
The puff of flame hits the wight.
The wight is heavily damaged.
Aiming: Throw Flame
Press: ? - help, Shift-Dir - straight line, p - wight The puff of flame misses the wight.
Aiming: Throw Flame
Press: ? - help, Shift-Dir - straight line The puff of flame hits the wight.
The wight is almost destroyed.
A wight comes into view. It is wielding a +3 halberd.
You are too injured to fight recklessly!
You puncture the wight!
You destroy the wight!
Aiming: Throw Flame
Press: ? - help, Shift-Dir - straight line, f - wight
Aim: a wight, wielding a +3 halberd and wearing a +0 robe (68% to hit)
The puff of flame hits the wight but does no damage.
Aiming: Throw Flame
Press: ? - help, Shift-Dir - straight line, f/p - wight
Aim: a wight, wielding a +3 halberd and wearing a +0 robe (68% to hit)
The puff of flame hits the wight but does no damage.
The wight hits you with a +3 halberd!
* * * LOW HITPOINT WARNING * * *
You hit the wight.
The wight is lightly damaged.
The wight hits you with a +3 halberd!
You die...

### ##.# #..# ##
##..# #. ####...#
+.##....#.## .
+..#.##...)# .
+....#...@.# ..
#........z.# ..#
###..#..#.## ##..
.....##.#
...#####.#.#####.#
...........## ..#
.?##.###....# .##
#.<..o)...#. .
#.o..o.......


You could see a wight.

Vanquished Creatures
  A water moccasin (D:6)
  2 black bears
  3 sky beasts
  4 ogres
  A kobold brigand (D:4)
  3 scorpions
  2 bullfrogs (D:6)
  A gnoll sergeant (D:9)
  A wight (D:10)
  A howler monkey (D:5)
  5 hounds
  3 orc priests
  A gnoll bouda (D:6)
  Jessica (D:2)
  6 orc wizards
  5 iguanas
  8 gnolls
  10 adders
  A worm (D:5)
  4 dart slugs
  13 orcs
  5 bats
  12 endoplasms
  2 giant cockroaches
  4 goblins
  5 hobgoblins
  17 jackals
  6 kobolds
  3 quokkas
  5 ball pythons
  2 frilled lizards
  2 rats (D:1)
139 creatures vanquished.

Vanquished Creatures (others)
  A gnoll (D:10)
1 creature vanquished.

Grand Total: 140 creatures vanquished

Notes
Turn   | Place    | Note
-------+----------+-------------------------------------------
     0 | D:1      | kurumiz the Ogre Gladiator began the quest for the Orb.
     0 | D:1      | Reached XP level 1. HP: 22/22 MP: 1/1
   132 | D:1      | Reached XP level 2. HP: 29/29 MP: 2/2
   322 | D:1      | Found a faded altar of an unknown god.
   355 | D:1      | Reached XP level 3. HP: 22/37 MP: 3/3
  1441 | D:2      | Reached skill level 4 in Polearms
  1613 | D:2      | Reached XP level 4. HP: 44/45 MP: 4/4
  1663 | D:2      | Noticed Jessica
  1674 | D:2      | Killed Jessica
  2011 | D:2      | Reached XP level 5. HP: 52/53 MP: 5/5
  3158 | D:4      | Reached skill level 1 in Stealth
  3321 | D:3      | Reached skill level 5 in Polearms
  3382 | D:3      | Reached XP level 6. HP: 16/62 MP: 6/6
  3703 | D:4      | Noticed a black bear
  3779 | D:4      | Killed a black bear
  3995 | D:4      | Reached XP level 7. HP: 60/70 MP: 7/7
  4123 | D:4      | Reached skill level 6 in Polearms
  4704 | D:4      | Found a shimmering altar of Xom.
  4890 | D:5      | Entered Level 5 of the Dungeon
  4937 | D:5      | Noticed Sigmund
  5029 | D:4      | Found a staircase to the Ecumenical Temple.
  5039 | Temple   | Entered the Ecumenical Temple
  5238 | D:3      | Gained mutation: You have sharp fingernails. [potion of
                  | mutation]
  5238 | D:3      | Gained mutation: You have a pair of small horns on your
                  | head. [potion of mutation]
  5665 | D:5      | Reached skill level 5 in Fighting
  5821 | D:5      | Found a hazy altar of Hepliaklqana.
  5902 | D:5      | Reached XP level 8. HP: 79/80 MP: 8/8
  5917 | D:5      | Reached skill level 7 in Polearms
  6464 | D:5      | Found a runed translucent door.
  6465 | D:5      | Noticed Crazy Yiuf
  7008 | D:6      | Reached skill level 8 in Polearms
  7154 | D:6      | Reached XP level 9. HP: 63/92 MP: 9/9
  7159 | D:6      | Found a shadowy altar of Dithmenos.
  7288 | D:6      | Found a stormy altar of Qazlal.
  7374 | D:6      | Found a burning altar of Makhleb.
  7374 | D:6      | Noticed a balrug
  7377 | D:6      | Noticed a smoke demon
  7377 | D:6      | Noticed a smoke demon
  7739 | D:7      | Found an ancient bone altar of Kikubaaqudgha.
  7786 | D:7      | Reached skill level 5 in Dodging
  8288 | D:7      | Found an iron altar of Okawaru.
  8378 | D:7      | Reached skill level 9 in Polearms
  8759 | D:7      | Found a basalt altar of Yredelemnul.
  9046 | D:8      | You fall into a shaft and drop 2 floors!
  9046 | D:10     | Entered Level 10 of the Dungeon
  9150 | D:10     | Noticed a troll
  9211 | D:10     | Mangled by a wight

Illustrated notes

Levels and vault maps discovered:
D:1:      matt_arrival_los_fun, layout_basic,
          shapermc_ecumenical_altar_totnotflames
D:2:      layout_basic, uniq_jessica
D:3:      layout_basic
D:4:      layout_cave_pools, mainiacjoe_overflow_brackets,
          minmay_temple_entry_fiery, kennysheep_generic_room_10
D:5:      layout_loops_cross, mainiacjoe_overflow_catwalk, st_stairs_12,
          uniq_crazy_yiuf_cottage, uniq_sigmund
D:6:      layout_gridville, lemuel_coloured_pillars_altar,
          grunt_qazlal_sundering, makhleb_altar_promises_db
D:7:      layout_basic, mainiacjoe_overflow_tiny_flanked,
          mainiacjoe_overflow_concentric_impassable, kennysheep_mini
D:8:      layout_basic, mainiacjoe_overflow_swirl, minmay_nine_imps
D:9:      layout_cave_pools, david_lair_shrubbed
D:10:     layout_rooms, good_gods_mini_temple,
          hellmonk_guarded_unrand_staff_of_battle
Temple:   nicolae_temple_figure_zero

Skill      XL: |  1  2  3  4  5  6  7  8  9 |
---------------+----------------------------+-----
Fighting       | 3 4 5 6 7 |  7.6
Dodging        | 3 4 5 |  5.3
Polearms       | 4 5 6 8 9 |  9.2
Stealth        | 1 2 3 |  3.2
Throwing       | |  2.3

Action                   |  1- 3 |  4- 6 |  7- 9 || total
-------------------------+-------+-------+-------++-------
Melee: Trident           |   104 |   122 |   223 ||   449
       Headbutt          |       |       |    24 ||    24
       Punch             |       |       |     2 ||     2
Throw: Stone             |       |       |     2 ||     2
Evoke: Wand              |       |       |     6 ||     6
  Use: Potion            |       |       |     9 ||     9
       Scroll            |       |       |     4 ||     4
 Stab: Sleeping          |     1 |     7 |     2 ||    10
       Distracted        |       |     1 |       ||     1
Armor: Robe              |    29 |    34 |    46 ||   109
Dodge: Dodged            |    71 |    54 |    94 ||   219

Table legend: (Time is in decaauts)
 A = Elapsed time spent in this place.
 B = Non-inter-level travel time spent in this place.
 C = Inter-level travel time spent in this place.
 D = Time resting spent in this place.
 E = Time spent auto-exploring this place.
 F = Levels seen in this place.
 G = Mean time per level.
                   A        B        C        D        E       F      G
               +--------+--------+--------+--------+--------+-----+--------+
         Total |   9228 |   6399 |   2829 |      0 |   3699 |  11 |  838.9 |
       Dungeon |   9090 |   6386 |   2704 |      0 |   3699 |  10 |  909.0 |
        Temple |    138 |     13 |    125 |      0 |      0 |   1 |  138.0 |
               +--------+--------+--------+--------+--------+-----+--------+

Top non-repeatable levels by time:
     D:4: 1894 daAuts
     D:3: 1374 daAuts
     D:1: 1370 daAuts
     D:2: 1254 daAuts
     D:6: 1211 daAuts
     D:7: 1124 daAuts
     D:5: 666 daAuts
  Temple: 138 daAuts
    D:10: 89 daAuts
     D:9: 74 daAuts
     D:8: 31 daAuts
